Unix NetHack Version 5.0.0-0 post-release - last build May 23 2026 06:08:33 (1c0ff79ee797540d5714e4e18072db0edd9e58ae,branch:main).

Game began 2026-05-25 01:25:27, ended 2026-05-25 01:37:58.

ArrBianca, neutral female human Archeologist

                                                    ----
                                                    |..--
                                          ----    ---...|
                                         --..|    |.^...--
                                        ##...|    |%.....|
                                        |....-------)....|
                                         -..)h@....).r(:.|
                                         --..--------....|
                                          |..--     --#..|
                                    -    --.(.|       |....                   -
                                    |.- --....--      ---0..-
                                    |..-|......----         .
                                     -..--........|
                                      -..........--
                                    ----.....|....-
                                    |....<..---....|
                                    |.......|  ...--
                                    ---....--  -...
                                      |..---    ..--
                                      ---       ---

ArrBianca the Field Worker  St:12 Dx:13 Co:13 In:14 Wi:15 Ch:9  Neutral
Dlvl:4  $:54 HP:0(33) Pw:22(22) AC:6  Xp:5 T:1296 

Latest messages:
 The rock mole bites!
 You miss the rock mole.
 You miss the rock mole.
 You see here a dagger.
 The rock mole eats 3 daggers!
 The dwarf picks up a hard hat.
 The dwarf puts on a hard hat.
 In what direction? l
 The dart misses the rock mole.
 In what direction? h
 The dart misses the gnome.
 In what direction? h
 The dart hits the gnome.
 In what direction? h
 The dart hits the gnome.
 In what direction? h
 You kill the gnome!
 In what direction? h
 The dart misses the dwarf.
 In what direction? h
 The dart misses the dwarf.
 In what direction? h
 The dart hits the dwarf.
 In what direction? h
 The dart misses the dwarf.
 The dwarf picks up 4 darts.
 In what direction? h
 The dart misses the dwarf.
 In what direction? h
 Snap!
 The dwarf picks up a dart.
 The dwarf wields a broad short sword!
 The broad short sword welds itself to the dwarf's hand!
 What do you want to throw? [$mtwzA or ?*] t
 In what direction? h
 The dagger hits the dwarf.
 What do you want to throw? [$mwzA or ?*] ?
 In what direction? h
 The long sword hits the dwarf.
 The dwarf picks up 2 darts.
 You miss the dwarf.
 You miss the dwarf.
 You lash the dwarf!
 The dwarf thrusts her broad short sword.
 The dwarf hits!
 You miss the dwarf.
 The dwarf thrusts her broad short sword.
 The dwarf hits!
 You die...
 Do you want your possessions identified? [ynq] (y) q

Inventory:
 Coins    ('$')
  $ - 54 gold pieces
 Weapons  (')')
  z - 8 +0 arrows
  A - a cursed +0 arrow
  w - 11 +0 crossbow bolts
  a - a +3 bullwhip (weapon in right hand)
 Armor    ('[')
  c - an uncursed +0 fedora (being worn)
  l - an uncursed +0 orcish helm
  y - a blessed +1 pair of high boots (being worn)
  u - an uncursed +0 pair of iron shoes
  q - a blessed +0 dwarvish cloak (being worn)
  b - an uncursed +0 leather jacket (being worn)
 Comestibles  ('%')
  P - an uncursed head of romanesco
  d - 5 uncursed food rations
  R - a cursed food ration
  C - 2 cursed sprigs of wolfsbane
  D - an uncursed egg
 Scrolls  ('?')
  M - a blessed scroll of enchant weapon
  n - an uncursed scroll of identify
  F - an uncursed scroll of punishment
 Potions  ('!')
  I - a cursed potion of sickness
  L - an uncursed potion of water
 Wands    ('/')
  J - a wand of striking (0:0)
 Tools    ('(')
  h - an uncursed sack containing 1 item
  e - a +0 pick-axe
  i - an uncursed tin opener
  f - a tinning kit (0:62)
 Gems/Stones  ('*')
  g - an uncursed touchstone

Contents of the sack:
  an uncursed chrysoberyl stone

ArrBianca the Archeologist's attributes:

Background:
 You were a Field Worker, a level 5 female human Archeologist.
 You were neutral, nominally on a mission for Camaxtli
 who was opposed by Quetzalcoatl (lawful) and Huhetotl (chaotic).
 You were right-handed.
 You were in the Gnomish Mines, on level 4.
 You entered the dungeon 1296 turns ago.
 It was nighttime.
 You had 193 experience points, 127 more were needed to attain level 6.

Basics:
 You had 0 out of 33 hit points.
 You had all 22 energy points (spell power).
 Your armor class was 6.
 Your wallet contained 54 zorkmids.
 Autopickup was on for '$?!/="+%' plus thrown, with exceptions.

Final Characteristics:
 Your strength was 12 (limit:18/100).
 Your dexterity was 13 (limit:18).
 Your constitution was 13 (limit:18).
 Your intelligence was 14 (limit:18).
 Your wisdom was 15 (limit:18).
 Your charisma was 9 (limit:18).

Final Status:
 You weren't hungry.
 You were unencumbered.
 You were wielding a whip.
 You had basic skill with whip.

Final Attributes:
 You were devoutly aligned.
 Your items were somewhat protected from fire.
 Your items were somewhat protected from cold.
 You had automatic searching.
 You were stealthy.
 You were warded.
 You were lucky.
 You are dead.

Miscellaneous:
 You didn't encounter any bones levels.
 Total elapsed playing time was 12 minutes and 31 seconds.

Major events:
 Turn
    1: ArrBianca the neutral female human Archeologist entered the dungeon
  595: entered the Gnomish Mines
  633: attained the rank of Field Worker (level 3)
 1296: killed by a dwarf

You didn't know any spells.

Skills:
 Fighting Skills
   bare handed combat [Unskilled]
   two weapon combat  [Unskilled]
   riding             [Unskilled]
 Weapon Skills
   dagger             [Unskilled]
   knife              [Unskilled]
   pick-axe           [Basic]
   short sword        [Unskilled]
   saber              [Unskilled]
   club               [Unskilled]
   quarterstaff       [Unskilled]
   sling              [Unskilled]
   dart               [Unskilled]
   boomerang          [Unskilled]
   whip               [Basic]
   unicorn horn       [Unskilled]
 Spellcasting Skills
   attack spells      [Unskilled]
   healing spells     [Unskilled]
   divination spells  [Unskilled]
   matter spells      [Unskilled]

Voluntary challenges:
 Character rerolling was not enabled.
 You were an atheist.
 You never genocided any monsters.
 You never polymorphed an object.
 You never changed form.
 You used no wishes.
Achievements:
 You entered the Gnomish Mines.
 You attained the rank of Field Worker.

 The Dungeons of Doom: levels 1 to 3
    Level 1:
       Some fountains.
    Level 2:
       A fountain.
       Stairs down to The Gnomish Mines.
    Level 3:
 The Gnomish Mines: levels 3 to 4
    Level 3:
    Level 4: <- You were here.
       Final resting place for
          you, killed by a dwarf.


Vanquished creatures:
  3 gnome leaders
  a floating eye
  3 dwarves
 an iguana
  2 cave spiders
  a yellow mold
 19 gnomes
  a jackal
  3 goblins
  7 grid bugs
  a lichen
  4 newts
46 creatures vanquished.

No species were genocided or became extinct.

Game over:
                       ----------
                      /          \
                     /    REST    \
                    /      IN      \
                   /     PEACE      \
                  /                  \
                  |    ArrBianca     |
                  |      54 Au       |
                  |   killed by a    |
                  |      dwarf       |
                  |                  |
                  |                  |
                  |       2026       |
                 *|     *  *  *      | *
        _________)/\\_//(\/(/\)/\//\/|_)_______

Goodbye ArrBianca the Archeologist...

You died in The Gnomish Mines on dungeon level 4 with 991 points,
and 54 pieces of gold, after 1296 moves.
You were level 5 with a maximum of 33 hit points when you died.

